General information
- name: Local Game (BOolt)
- type: Custom game
- host: BOolt
- saver: BOolt
map: SecretValley
- players: 2
- length: 16:01
- speed: Fast
- version: 1.23 W3XP
- replay type: Public
» download(91 KB)
Players
team 1 (winner)
BOolt (
red | 165 APM | 2652 actions | 16:01)
5 Blademaster
2 Wind Walk
3 Critical Strike
4 Shadow Hunter
2 Hex
2 Healing Wave
» actions
| Assign group hotkey | 20 | |
| Basic commands | 4 | |
| Build / train | 51 | |
| ESC pressed | 1 | |
| Enter build submenu | 11 | |
| Enter hero's abilities submenu | 9 | |
| Give item / drop item | 7 | |
| Right click | 1033 | |
| Select / deselect | 170 | |
| Select group hotkey | 1257 | |
| Use ability | 89 | |
2652 total
» units
| Peon | 7 | |
| Grunt | 5 | |
| Raider | 2 | |
| Spirit Walker | 4 | |
| Wind Rider | 4 | |
22 total
» upgrades
| Ensnare | 1 | |
| Spirit Walker Training | 1 | |
2 total
» buildings
| Altar of Storms | 1 | |
| Orc Burrow | 6 | |
| Barracks | 1 | |
| Voodoo Lounge | 1 | |
| Stronghold | 1 | |
| Beastiary | 1 | |
| Spirit Lodge | 1 | |
12 total
» build order
00:03 Altar of Storms
00:17 Orc Burrow
00:37 Barracks
01:35 Orc Burrow
01:51 Voodoo Lounge
03:00 Stronghold
04:46 Orc Burrow
05:23 Beastiary
05:27 Spirit Lodge
08:44 Orc Burrow
10:26 Orc Burrow
11:44 Orc Burrow
» items
| Circlet of Nobility | 2 | |
| Dust of Appearance | 1 | |
| Boots of Speed | 1 | |
| Lesser Clarity Potion | 4 | |
| Healing Salve | 3 | |
| Scroll of Healing | 2 | |
| Potion of Mana | 1 | |
| Scroll of Protection | 1 | |
15 total
team 2 (loser)
E.LiToV (
green | 83 APM | 1329 actions | 15:58)
5 Keeper of the Grove
3 Entangling Roots
2 Force of Nature
» actions
| Assign group hotkey | 45 | |
| Basic commands | 175 | |
| Build / train | 66 | |
| ESC pressed | 2 | |
| Enter build submenu | 27 | |
| Enter hero's abilities submenu | 7 | |
| Give item / drop item | 5 | |
| Right click | 360 | |
| Select / deselect | 325 | |
| Select group hotkey | 256 | |
| Use ability | 60 | |
1329 total
» units
| Wisp | 21 | |
| Huntress | 22 | |
| Druid of the Talon | 5 | |
| Faerie Dragon | 1 | |
49 total
» upgrades
| Druid of the Talon Training | 2 | |
| Upgrade Moon Glaive | 1 | |
3 total
» buildings
| Altar of Elders | 1 | |
| Moon Well | 8 | |
| Ancient of War | 5 | |
| Hunter's Hall | 1 | |
| Tree of Ages | 1 | |
| Tree of Life | 3 | |
| Ancient of Wind | 2 | |
| Tree of Eternity | 3 | |
| Ancient of Wonders | 1 | |
25 total
» build order
00:11 Altar of Elders
00:21 Moon Well
01:31 Ancient of War
01:41 Hunter's Hall
01:56 Moon Well
02:23 Ancient of War
03:00 Moon Well
04:02 Ancient of War
04:24 Tree of Ages
06:00 Tree of Life
06:52 Ancient of Wind
06:55 Ancient of Wind
07:16 Tree of Life
07:24 Tree of Life
08:10 Moon Well
09:18 Tree of Eternity
09:18 Tree of Eternity
09:18 Tree of Eternity
10:48 Moon Well
11:00 Ancient of War
11:43 Ancient of Wonders
12:17 Ancient of War
14:51 Moon Well
14:54 Moon Well
14:56 Moon Well
Chat log
(00:09 / All) BOolt: lagg?
(00:15 / All) E.LiToV: a bit delay
(00:23 / All) E.LiToV: y go
(07:01 / All) BOolt: mass huntress
(07:02 / All) BOolt: T.T
(15:52 / All) E.LiToV: well gg